 Dungeon Crawl Stone Soup version bcrawl-1.12-10-g10a67aac0f (webtiles) character file.

Game seed: 7101450918908143472

81 MisterOstroum the Sneak (level 4, -2/31 HPs)
             Began as a Vampire Rogue on June 12, 2019.
             Killed from afar by an orc wizard (7 damage)
             ... with a magic dart
             ... on level 1 of the Dungeon.
             The game lasted 00:03:08 (1756 turns).

MisterOstroum the Sneak (Vampire Rogue)             Turns: 1756, Time: 00:03:09

Health: -2/31      AC: 10    Str: 12 (14) XL:     4   Next: 19%
Magic:  0/5        EV: 11    Int: 10 (11) God:
Gold:   81         SH:  0    Dex: 14 (15) Spells: 3/3 levels left

rFire    . . .     SeeInvis +   q - +0 short sword (protect)
rCold    . . .     Gourm    .   (no shield)
rNeg     . . .     Faith    .   c - +0 robe
rPois    .         Spirit   +   (no helmet)
rElec    .         Reflect  .   d - +0 cloak
rCorr    .         Harm     .   (no gloves)
MR       .....                  (no boots)
Stlth    +.........             i - amulet of guardian spirit
HPRegen  0.30/turn              (no ring)
MPRegen  0.09/turn              (no ring)

@: confused, protection aura, regenerating quickly
A: claws 1, fangs 3, see invisible, unbreathing
a: Bat Form


You were on level 1 of the Dungeon.
You were full.

You visited 1 branch of the dungeon, and saw 2 of its levels.

You collected 81 gold pieces.

Inventory:

Hand Weapons
 a - a +2 dagger
 b - a +0 blowgun
 q - a +0 short sword of protection (weapon)
Missiles
 h - 171 poisoned needles
 l - 220 stones (quivered)
Armour
 c - a +0 robe (worn)
 d - a +0 cloak (worn)
 k - a +0 helmet
Jewellery
 i - an amulet of guardian spirit (around neck)
Wands
 f - a wand of flame (15)
 g - a wand of enslavement (15)
Scrolls
 j - a scroll of enchant weapon {unknown}
 m - a scroll of fog {unknown}
 o - a scroll of teleportation {unknown}
 p - a scroll of remove curse {unknown}
 r - 2 scrolls of fear {unknown}
Potions
 e - 2 potions of degeneration
 s - 7 potions of blood


   Skills:
 * Level 0.4 Fighting
 - Level 5.3 Short Blades
 - Level 1.5 Throwing
 + Level 6.4 Stealth
 - Level 2.0 Evocations


You had 3 spell levels left.
You didn't know any spells.
Your spell library was empty.

Dungeon Overview and Level Annotations

Branches:
Dungeon (2/12)

Altars:


Innate Abilities, Weirdness & Mutations

Your natural rate of healing is unusually fast.
You have sharp fingernails.
You have razor-sharp teeth.
You have supernaturally acute eyesight. (SInv)
You can survive without breathing.


Message History

A giant cockroach comes into view.
The orc moves out of view.
A hobgoblin comes into view.
The orc hits you with a +0 hand axe.
An orc comes into view. It is wielding a +0 mace.
You closely miss the orc.
The orc wizard mumbles some strange words.
The orc wizard flickers and vanishes for a moment.
You closely miss the orc wizard. The orc hits you but does no damage.
The orc barely misses you.
The orc wizard shouts!
You hit the orc wizard but do no damage.
Your weapon exudes an aura of protection.
You hear a shout!
The orc hits you but does no damage. The orc hits you with a +0 short sword.
You hit the orc wizard.
The orc wizard is moderately wounded.
The orc hits you from afar with a +0 trident.
The orc completely misses you.
You closely miss the orc wizard.
The orc wizard is moderately wounded.
The orc hits you with a +0 hand axe. The orc wizard barely misses you.
The orc hits you from afar with a +0 trident.
There are monsters nearby!
You are too injured to fight recklessly!
You are too injured to fight recklessly!
There is a stone staircase leading up here.
The orc wizard casts a spell at you. The puff of flame misses you.
The orc hits you with a +0 short sword.
You climb upwards.
There is a stone staircase leading down here.
The orc wizard hits you with a +0 dagger.
The orc hits you with a +0 short sword.
* * * LOW HITPOINT WARNING * * *
It was a potion of degeneration.
There was something very wrong with that liquid.
You feel weakened.
You feel dopey.
You feel clumsy.
e - 2 potions of degeneration;
r - 2 scrolls labeled FOIBRY JEXEEV The orc wizard barely misses you.
It was a potion of curing.
You feel better.
The orc wizard casts a cantrip, but nothing happens.
Okay, then.
Unknown command.
You hit the orc wizard.
Your weapon exudes an aura of protection.
The orc wizard is moderately wounded.
The orc wizard points at you and mumbles some strange words.
You resist with some effort.
You hit the orc wizard.
The orc wizard is moderately wounded.
The orc wizard casts a spell at you.
You are confused.
You bump into the rock wall.
The orc wizard gestures at you while chanting.
The puff of flame hits you!
You're too confused to move!
The orc wizard closely misses you.
You hit the orc wizard but do no damage.
Your bite misses the orc wizard.
The orc wizard is moderately wounded.
The orc wizard points at you and mumbles some strange words.
The magic dart hits you!
* * * LOW HITPOINT WARNING * * *
Really quaff
n - a potion of curing {@q1 !q}?
You feel better.
The orc wizard hits you with a +0 dagger.
You closely miss the orc wizard.
The orc wizard is moderately wounded.
The orc wizard hits you but does no damage.
You hit the orc wizard.
The orc wizard is heavily wounded.
You hit the orc wizard but do no damage.
The orc wizard is heavily wounded.
The orc wizard barely misses you.
You barely miss the orc wizard.
The orc wizard is heavily wounded.
The orc wizard points at you and mumbles some strange words.
The puff of flame hits you!
You hit the orc wizard.
The orc wizard is severely wounded.
The orc wizard casts a spell at you. The puff of flame hits you!
* * * LOW HITPOINT WARNING * * *
You barely miss the orc wizard.
The orc wizard is severely wounded.
The orc wizard hits you but does no damage.
You hit the orc wizard.
The orc wizard is severely wounded.
The orc wizard points at you and mumbles some strange words.
You are confused.
You barely miss the orc wizard.
The orc wizard is severely wounded.
You barely miss the orc wizard.
The orc wizard is severely wounded.
The orc wizard casts a spell at you. The puff of flame hits you!
* * * LOW HITPOINT WARNING * * *
You bump into the rock wall.
The orc wizard gestures at you while chanting.
The magic dart hits you!
You die...

.....#.# #.#..#...##########...
.....#.# #.....................
##.#.#.######....#.#.###....###..
##.#.#.#.........#.#.#......+....
'..#.#.#.........#.#.#.#....###..
####.#.#.#.........#.#.#....# ###
# #.#.#.#.##...#..#.#.#....#
#.#.#.#.###.##oo#.#.##########
#.#.#.#.#....@###.#.# ##.....
#.#.#.........# #.#.# #....##
####'#.###.#.....###.#.# #....##
.....................#.# #....#.
...........###########.####....#.
.....[.........................#.
####'#...............#.###.....##
#.#.........#####.#.# #.....##
####.#...........# #.#.# #.#.....


You could see an orc wizard and an orc.

Vanquished Creatures
  A crimson imp (D:2)
  4 dart slugs
  A leopard gecko (D:1)
  2 giant cockroaches
  2 goblins (D:1)
  7 hobgoblins
  4 jackals (D:2)
  A quokka (D:2)
  3 bats
  2 frilled lizards (D:2)
  5 kobolds
  2 rats (D:1)
34 creatures vanquished.

Notes
Turn   | Place    | Note
-------+----------+-------------------------------------------
     0 | D:1      | MisterOstroum the Vampire Rogue began the quest for the
                  | Orb.
     0 | D:1      | Reached XP level 1. HP: 13/13 MP: 2/2
   207 | D:1      | Reached XP level 2. HP: 6/19 MP: 1/3
  1419 | D:2      | Reached XP level 3. HP: 24/24 MP: 4/4
  1568 | D:2      | Reached skill level 5 in Short Blades
  1568 | D:2      | Reached XP level 4. HP: 27/30 MP: 5/5
  1756 | D:1      | Killed from afar by an orc wizard

Skill      XL: |  1  2  3 |
---------------+----------+-----
Short Blades   | 3 4 5 |  5.3
Fighting       | |  0.4
Throwing       | |  1.5
Stealth        | |  6.4
Evocations     | |  2.0

Action                   |  1- 3 |  4- 6 || total
-------------------------+-------+-------++-------
Melee: Dagger            |    26 |       ||    26
       Bite              |     8 |     2 ||    10
       Short sword       |    54 |    48 ||   102
       Unarmed           |    12 |       ||    12
Throw: Stone             |     1 |       ||     1
 Abil: End Transformatio |     6 |       ||     6
       Bat Form          |     6 |       ||     6
  Use: Potion            |     7 |     3 ||    10
 Stab: Sleeping          |     5 |     1 ||     6
       Distracted        |       |     1 ||     1
  Eat: Corpse            |     1 |       ||     1
Armor: Robe              |    20 |    19 ||    39
Dodge: Dodged            |    51 |    19 ||    70
